Construct Infanterie Kompanie
Selects Luftwaffe Battlegroup
Selects Luftwaffe Pioneer Support
Fallschirmpioneer Squad Paradrop
Selects Stuka Strafing Run
Construct Luftwaffe Kompanie
Luftwaffe Officer Quarters
Construct Panzergrenadier Kompanie
Fallschirmpioneer Squad Paradrop
Selects Fallschirmjäger Squad Paradrop
Nebelwerfer 42 Rocket Launcher Team
Selects LG40 Recoilless Gun Paradrop
Construct Panzer Kompanie
LG40 Recoilless Gun Paradrop
Panzergrenadier Officer Quarters
Nebelwerfer 42 Rocket Launcher Team
Fallschirmpioneer Squad Paradrop
Selects Flak 36 Anti-tank Gun Emplacement
Fallschirmpioneer Squad Paradrop